 Dungeon Crawl Stone Soup version 0.30-a0-930-gb9d0489357 (webtiles) character file.

Game seed: 16987102375081103438

10362 Axe the Frost Mage (level 11, 0/95 HPs)
             Began as a Yellow Draconian Ice Elementalist on Mar 24, 2023.
             Was a Believer of Vehumet.
             Shot with an arrow by a centaur (6 damage)
             ... on level 11 of the Dungeon.
             The game lasted 00:32:35 (12840 turns).

Axe the Frost Mage (DrIE)                          Turns: 12840, Time: 00:32:35

Health: 0/95       AC:  9    Str: 14    XL:     11   Next: 35%
Magic:  12/22      EV: 12    Int: 25    God:    Vehumet [**....]
Gold:   83         SH:  0    Dex:  7    Spells: 1/25 levels left

rFire   + + .      SeeInvis .    u - staff of fire "Hylu" {rF+ rCorr Str+3 Int+6 Dex-5}
rCold   . . .      Faith    .    (no shield)
rNeg    . . .      Spirit   .    (body armour unavailable)
rPois   .          Reflect  .    z - +1 hat
rElec   .          Rampage  .    (no cloak)
rCorr   +                        (no gloves)
Will    +....                    c - +0 pair of boots
Stlth   +                        (no amulet)
HPRegen 0.35/turn                h - ring of willpower
MPRegen 0.18/turn                B - ring of protection from fire

@: very slightly contaminated
A: spit acid, AC +7, unfitting armour, cold-blooded, acid resistance
a: Breathe Acid, Renounce Religion


You were on level 11 of the Dungeon.
You worshipped Vehumet.
Vehumet was pleased with you.
You visited 2 branches of the dungeon, and saw 12 of its levels.

You collected 681 gold pieces.
You spent 598 gold pieces at shops.

Inventory:

Hand Weapons
 j - a +2 short sword of electrocution
 y - the +5 whip "Dekeimif" {pain, Int+3 Dex+3 Stlth+}
   (You found it on level 6 of the Dungeon)

   Int:       It affects your intelligence (+3).
   Dex:       It affects your dexterity (+3).
   Stlth:     It makes you more stealthy.
Missiles
 G - a throwing net
Armour
 c - a +0 pair of boots (worn)
 z - a +1 hat (worn)
 E - a +0 cloak
Magical Staves
 u - the staff of fire "Hylu" (weapon) {rF+ rCorr Str+3 Int+6 Dex-5}
   (You took it off a hobgoblin on level 4 of the Dungeon)

   [staff of fire]

   Base accuracy: +5 Base damage: 5 Base attack delay: 1.2 This weapon's minimum
   attack delay (0.6) is reached at skill level 12.
   Str:       It affects your strength (+3).
   Int:       It affects your intelligence (+6).
   Dex:       It affects your dexterity (-5).
   rF:        It protects you from fire.
   rCorr:     It protects you from acid and corrosion.
   It falls into the 'Staves' category.
   It is a one-handed weapon.
Jewellery
 h - a ring of willpower (left hand)
 B - a ring of protection from fire (right hand)
 F - a +5 ring of evasion
 I - a ring of poison resistance
Wands
 l - a wand of roots (12)
 s - a wand of paralysis (14)
Scrolls
 b - 12 scrolls of identify
 g - 7 scrolls of teleportation
 i - a scroll of enchant weapon
 m - a scroll of fog {unknown}
 p - a scroll of torment
 q - 2 scrolls of magic mapping
 t - 2 scrolls of blinking
 x - a scroll of poison {unknown}
 H - a scroll of fear {unknown}
Potions
 a - 2 potions of magic
 d - 4 potions of haste
 e - 7 potions of mutation {unknown}
 f - 5 potions of heal wounds {unknown}
 k - 2 potions of degeneration {unknown}
 n - a potion of berserk rage {unknown}
 o - a potion of invisibility {unknown}
 r - a potion of cancellation {unknown}
 v - 2 potions of lignification {unknown}
 w - a potion of resistance {unknown}
 A - a potion of flight {unknown}
 C - a potion of attraction {unknown}
 D - a potion of brilliance {unknown}


   Skills:
 + Level 8.9 Fighting
 - Level 3.9 Maces & Flails
 - Level 5.6 Dodging
 - Level 1.7 Stealth
 + Level 7.7 Spellcasting
 - Level 3.1 Translocations
 - Level 0.6 Fire Magic
 * Level 11.2 Ice Magic
 - Level 4.1 Air Magic


You had one spell level left.
You knew the following spells:

 Your Spells              Type           Power      Damage    Failure   Level
a - Scorch                Fire           38%        2d7       7%          2
b - Frozen Ramparts       Ice            100%       1d16      1%          3
c - Blink                 Tloc           50%        N/A       2%          2
d - Ozocubu's Armour      Ice            60%        N/A       1%          3
e - Airstrike             Air            15%        2d(3-19)  11%         4
f - Freeze                Ice            100%       1d10      1%          1
g - Polar Vortex          Ice            30%        N/A       100%        9

Your spell library contained the following spells:

 Spells                   Type           Power      Damage    Failure   Level
 Shock                    Conj/Air       80%        1d8       2%          1
 Hailstorm                Conj/Ice       37%        3d9       1%          3
 Lesser Beckoning         Tloc           50%        N/A       2%          2
 Swiftness                Air            30%        N/A       3%          3
 Momentum Strike          Conj/Tloc      34%        3d8       4%          2
 Vhi's Electric Charge    Tloc/Air       54%        N/A       4%          3
 Cigotuvi's Dreadful Rot  Necr/Pois/Air  32%        N/A       5%          2
 Gell's Gravitas          Tloc           25%        N/A       5%          3
 Teleport Other           Tloc           25%        N/A       5%          3
 Summon Ice Beast         Ice/Summ       37%        N/A       6%          4
 Stone Arrow              Conj/Erth      18%        3d8       19%         3
 Freezing Cloud           Conj/Ice/Air   17%        6-21      22%         5
 Dispel Undead            Necr           9%         3d8       52%         4
 Arcjolt                  Conj/Air       10%        1d20      58%         5
 Simulacrum               Ice/Necr       18%        N/A       67%         6
 Death Channel            Necr           4%         N/A       100%        6
 Lehudib's Crystal Spear  Conj/Erth      4%         10d3      100%        8
 Maxwell's Capacitive Co  Air            15%        ∞         100%        8
 Animate Armour           Summ/Erth      Unusable   N/A       N/A         4

Dungeon Overview and Level Annotations

Branches:
Dungeon (11/15)            Temple (0/1) D:7            Lair (1/5) D:10
    Orc: D:9-12

Altars:
Nemelex Xobeh
Okawaru
Vehumet
Wu Jian
Xom

Shops:
D:4 :


Innate Abilities, Weirdness & Mutations

You can spit globs of acid.
Your golden yellow scales are hard. (AC +7)
You cannot fit into any form of body armour.
You are cold-blooded and may be slowed by cold attacks.
You are resistant to acid. (rCorr)


Message History

Confirm with . or Enter, or press ? or * to list all spells.
You feel a surge of power!
You miscast Scorch.
Nothing appears to happen.
The centaur shoots an arrow.
The arrow hits you.
A centaur comes into view.
The centaur shoots an arrow.
The arrow hits you! The acid dragon spits acid at you.
The splash of acid misses you.
Casting: Scorch (safe; 7% risk of failure)
Confirm with . or Enter, or press ? or * to list all spells.
You feel a surge of power!
Flames lash the acid dragon.
The acid dragon is burned terribly!
You kill the acid dragon!
Vehumet accepts your kill.
The acid dragon scales are intact enough to wear.
The centaur shoots an arrow.
The arrow hits you!
The centaur wields a +0 shortbow.
The centaur shoots an arrow.
The arrow hits you but does no damage.
The centaur shoots an arrow.
The arrow hits you!
The centaur shoots an arrow.
The arrow hits you.
The centaur shoots an arrow.
The arrow hits you!
The centaur shoots an arrow.
The arrow hits you!
The centaur shoots an arrow.
The arrow barely misses you.
A centaur comes into view.
You have got your breath back.
The centaur shouts!
The centaur shoots an arrow.
The arrow closely misses you.
The centaur shoots an arrow.
The arrow barely misses you.
The centaur wields a +0 shortbow.
The centaur shoots an arrow.
The arrow hits you!
* * * LOW HITPOINT WARNING * * *
The centaur shoots an arrow.
The arrow hits you but does no damage.
The centaur shoots an arrow.
The arrow hits you but does no damage.
The centaur shoots an arrow.
The arrow hits you.
* * * LOW HITPOINT WARNING * * *
The centaur shoots an arrow.
The arrow hits you!
* * * LOW HITPOINT WARNING * * *
The centaur shoots an arrow.
The arrow closely misses you.
The centaur shoots an arrow.
The arrow hits you.
* * * LOW HITPOINT WARNING * * *
The centaur shoots an arrow.
The arrow hits you.
You die...

##....#.#.# #.####.#.#
#.# #.#.# ..######.#
#.#.# ........># #.#.#
..######.# #.# .# #.# #.#
#.# #.# #.# #.# #.# #@#
#.# #.# #.# #.#
########.####.# #(#
..............###.#######
########.##..............
#.##.......[......
#.##..../.........
#.##..c.c.........
#.##.....c........


You could see 2 centaurs.

Vanquished Creatures
  A death yak (D:10)
  Pikel (D:7)
  An elephant (D:10)
  Joseph (D:7)
  Maggie (D:7)
  Psyche (D:9)
  Grinder (D:3)
  2 hornets
  A hornet (shapeshifter) (D:10)
  A wraith (D:10)
  2 shadows (D:9)
  A basilisk (D:10)
  A wyvern (D:10)
  17 yaks
  2 steam dragons
  2 acid dragons
  An orc warrior (D:10)
  2 ice beasts (D:7)
  3 ogres
  3 black bears
  4 lemures (D:7)
  2 centaurs
  A phantom (D:5)
  2 kobold brigands
  7 bullfrogs
  2 scorpions
  11 wights
  5 killer bees (D:8)
  2 howler monkeys
  An orc priest (D:10)
  3 gnoll boudas
  4 hounds
  6 jellies
  Natasha (thrice) (D:2)
  2 iguanas
  6 orc wizards
  A sleepcap (D:7)
  A hound skeleton (D:2)
  13 gnolls
  6 adders
  A shadow imp (D:6)
  A white imp (D:7)
  3 ufetubi
  An adder zombie (D:2)
  An adder skeleton (D:2)
  2 worms (D:3)
  A dart slug (D:4)
  20 orcs
  9 endoplasms
  2 giant cockroaches
  10 goblins
  8 hobgoblins
  8 kobolds
  2 quokkas
  7 ball pythons
  A ball python skeleton (D:2)
  2 ball python zombies (D:2)
  6 bats (D:1)
  3 frilled lizards
  A quokka skeleton (D:2)
  A rat (D:3)
217 creatures vanquished.

Vanquished Creatures (others)
  A plant (D:10)
  A withered plant (D:2)
2 creatures vanquished.

Grand Total: 219 creatures vanquished

Notes
Turn   | Place    | Note
-------+----------+-------------------------------------------
     0 | D:1      | Axe the Draconian Ice Elementalist began the quest for the
                  | Orb.
     0 | D:1      | Reached XP level 1. HP: 14/14 MP: 3/3
   194 | D:1      | Reached XP level 2. HP: 22/22 MP: 1/5
   623 | D:1      | Reached skill level 1 in Fighting
   874 | D:2      | Reached XP level 3. HP: 28/28 MP: 0/6
   947 | D:2      | Learned a level 3 spell: Frozen Ramparts
  1044 | D:2      | Noticed Natasha
  1051 | D:2      | Killed Natasha
  1178 | D:2      | Noticed Natasha
  1185 | D:2      | Killed Natasha
  1186 | D:2      | Reached XP level 4. HP: 25/36 MP: 1/7
  1447 | D:2      | Noticed Natasha
  1460 | D:2      | Killed Natasha
  1461 | D:2      | Reached skill level 5 in Ice Magic
  1461 | D:2      | Reached XP level 5. HP: 16/41 MP: 6/9
  1560 | D:2      | Learned a level 2 spell: Blink
  2023 | D:3      | Found a faded altar of an unknown god.
  2522 | D:3      | Noticed Grinder
  2527 | D:3      | Reached skill level 1 in Translocations
  2537 | D:3      | Killed Grinder
  2538 | D:3      | Reached XP level 6. HP: 7/50 MP: 7/10
  2693 | D:3      | Learned a level 3 spell: Ozocubu's Armour
  3241 | D:4      | Found Fapsay's Book Shoppe.
  3260 | D:4      | Your scales start taking on a golden yellow colour.
  3260 | D:4      | Reached XP level 7. HP: 54/57 MP: 8/12
  3260 | D:4      | Gained mutation: You are resistant to acid. (rCorr) [Yellow
                  | Draconian growth]
  3277 | D:4      | Identified the staff of fire "Hylu" {rF+ rCorr Str+3 Int+6
                  | Dex-5}
  3639 | D:5      | Entered Level 5 of the Dungeon
  3905 | D:5      | Reached skill level 6 in Ice Magic
  4610 | D:6      | Reached XP level 8. HP: 64/66 MP: 10/14
  4643 | D:6      | Identified the +5 whip "Dekeimif" {pain, Int+3 Dex+3
                  | Stlth+}
  5033 | D:6      | Reached skill level 7 in Ice Magic
  5118 | D:6      | Found an ornate altar of the Wu Jian Council.
  5119 | D:6      | Found a sparkling altar of Nemelex Xobeh.
  5120 | D:6      | Found a shimmering altar of Xom.
  5120 | D:6      | Found a radiant altar of Vehumet.
  5252 | D:6      | Became a worshipper of Vehumet
  5641 | D:7      | Reached skill level 5 in Fighting
  5731 | D:7      | Noticed Joseph
  5738 | D:7      | Noticed Maggie
  5756 | D:7      | Killed Joseph
  5757 | D:7      | Reached skill level 1 in Maces & Flails
  5757 | D:7      | Reached skill level 5 in Spellcasting
  5761 | D:7      | Killed Maggie
  5762 | D:7      | Reached skill level 8 in Ice Magic
  5762 | D:7      | Reached XP level 9. HP: 30/74 MP: 4/16
  6059 | D:7      | Noticed Pikel
  6074 | D:7      | Killed Pikel
  6075 | D:7      | Reached skill level 5 in Dodging
  6104 | D:7      | Reached skill level 9 in Ice Magic
  6220 | D:7      | Reached * piety under Vehumet
  6220 | D:7      | Offered knowledge of Magic Dart by Vehumet.
  6381 | D:7      | Found a staircase to the Ecumenical Temple.
  6744 | D:8      | Paralysed by a hornet for 1 turns
  6747 | D:8      | Reached XP level 10. HP: 66/84 MP: 11/18
  7510 | D:8      | Learned a level 4 spell: Airstrike
  7773 | D:9      | Identified the +1 quarterstaff of Theory {heavy, Str+3}
  7888 | D:9      | Reached skill level 1 in Air Magic
  8048 | D:9      | Reached skill level 10 in Ice Magic
  8090 | D:9      | Found an iron altar of Okawaru.
  8348 | D:9      | Noticed Psyche
  8455 | D:9      | Killed Psyche
  9331 | D:10     | Entered Level 10 of the Dungeon
  9509 | D:10     | Noticed an elephant
  9524 | D:10     | Killed an elephant
  9694 | D:10     | Found a staircase to the Lair.
 10267 | D:10     | Noticed a death yak
 10296 | D:10     | Killed a death yak
 10296 | D:10     | Reached ** piety under Vehumet
 10296 | D:10     | Offered knowledge of Scorch by Vehumet.
 10297 | D:10     | Reached XP level 11. HP: 16/92 MP: 17/21
 10300 | D:10     | Learned a level 2 spell: Scorch
 11435 | D:4      | Bought a book of Ice for 598 gold pieces
 11445 | D:4      | Learned a level 9 spell: Polar Vortex
 11614 | Lair:1   | Entered Level 1 of the Lair of Beasts
 12425 | D:10     | Reached skill level 11 in Ice Magic
 12840 | D:11     | Shot with an arrow by a centaur

Illustrated notes

Levels and vault maps discovered:
D:1:      matt_arrival_spirals, layout_rooms
D:2:      layout_loops_ring, serial_undead, serial_undead_f, serial_undead_f,
          serial_undead_d, serial_undead_d, nicolae_hexahallways, uniq_natasha
D:3:      layout_rooms, dreamdust_ecumenical_altar_statues,
          grunt_decor_fettered, lightli_corner_chamber, uniq_grinder
D:4:      layout_cave_pools, serial_shops, nicolae_shop_behind_doors
D:5:      layout_basic
D:6:      layout_basic, mainiacjoe_overflow_alcove_3
D:7:      layout_rooms, temple_hall_moat, minmay_bent, uniq_maggie, uniq_joseph,
          uniq_pikel
D:8:      layout_basic
D:9:      layout_loops_corners, mainiacjoe_overflow_chevrons, uniq_psyche
D:10:     layout_grid_maze, david_lair_generic, minmay_misc_feat_tower,
          minmay_misc_feat_nine_boxes, kennysheep_generic_room_2
D:11:     layout_basic
Lair:1:   layout_cave_shapes, lightli_volcano_entry_magma_tube,
          beast_lair_carwin_1, uniq_sonja

Skill      XL: |  1  2  3  4  5  6  7  8  9 10 11 |
---------------+----------------------------------+-----
Dodging        | 2 3 4 5 |  5.6
Fighting       | 1 2 3 4 5 6 8 |  8.9
Ice Magic      | 5 6 8 9 10 11 | 11.2
Translocations | 2 3 |  3.1
Spellcasting   | 3 4 5 7 |  7.7
Maces & Flails | 2 3 |  3.9
Air Magic      | 4 |  4.1
Stealth        | |  1.7
Fire Magic     | |  0.6

Action                     |  1- 3 |  4- 6 |  7- 9 | 10-12 || total
---------------------------+-------+-------+-------+-------++-------
  Melee: Unarmed           |    27 |     3 |       |     1 ||    31
         Tailslap          |     3 |     7 |    14 |    26 ||    50
         Punch             |     1 |       |     2 |     2 ||     5
         Short sword       |       |    49 |     8 |       ||    57
         Staff             |       |       |    17 |    33 ||    50
         Whip              |       |       |    49 |   112 ||   161
   Cast: Freeze            |    46 |    37 |    72 |    28 ||   183
         Frozen Ramparts   |       |     8 |    27 |    33 ||    68
         Ozocubu's Armour  |       |     2 |    11 |    17 ||    30
         Blink             |       |     1 |       |     4 ||     5
         Scorch            |       |       |       |    58 ||    58
Ability: Breathe Acid      |       |       |    11 |     4 ||    15
  Evoke: Wand              |       |     2 |     6 |     7 ||    15
    Use: Potion            |       |     1 |       |     2 ||     3
         Scroll            |       |       |    10 |     1 ||    11
   Stab: Paralysed         |       |     3 |       |       ||     3
         Distracted        |       |       |     1 |       ||     1
 Armour: Skin              |    18 |    23 |    57 |    77 ||   175
  Dodge: Dodged            |    32 |    44 |   101 |   153 ||   330

Table legend: (Time is in decaauts)
 A = Elapsed time spent in this place.
 B = Non-inter-level travel time spent in this place.
 C = Inter-level travel time spent in this place.
 D = Time resting spent in this place.
 E = Time spent auto-exploring this place.
 F = Levels seen in this place.
 G = Mean time per level.
                   A        B        C        D        E       F      G
               +--------+--------+--------+--------+--------+-----+--------+
         Total |  12874 |  12155 |    719 |   5338 |   4962 |  12 | 1072.8 |
       Dungeon |  12872 |  12153 |    719 |   5338 |   4962 |  11 | 1170.2 |
          Lair |      1 |      1 |      0 |      0 |      0 |   1 |    1.0 |
               +--------+--------+--------+--------+--------+-----+--------+

Top non-repeatable levels by time:
    D:10: 2692 daAuts
     D:9: 2107 daAuts
     D:8: 1480 daAuts
     D:2: 1210 daAuts
     D:6: 1120 daAuts
     D:5: 931 daAuts
     D:3: 883 daAuts
     D:4: 795 daAuts
     D:7: 790 daAuts
     D:1: 786 daAuts
    D:11: 74 daAuts
  Lair:1: 1 daAuts
